 Dungeon Crawl Stone Soup version 0.31-a0-986-g5e6e4ef867 (webtiles) character file.

Game seed: 13031554359843259390

345 Curundu the Trooper (level 6, -2/53 HPs)
             Began as a Draconian Berserker on Nov 9, 2023.
             Was a Believer of Trog.
             Splashed by a jelly's acid (6 damage)
             ... on level 3 of the Dungeon.
             The game lasted 00:16:05 (1963 turns).

Curundu the Trooper (Draconian Berserker)           Turns: 1963, Time: 00:16:05

Health: -2/53      AC:  0    Str: 20    XL:     6   Next: 32%
Magic:  6/6        EV: 11    Int: 11    God:    Trog [**....]
Gold:   107        SH:  8    Dex: 12    Spells: 5/5 levels left

rFire   . . .        b - +0 dagger (distort)
rCold   + . .        q - +1 kite shield {rC+}
rNeg    + . .        (body armour unavailable)
rPois   +            (helmet restricted)
rElec   .            e - +1 cloak
rCorr   .            (no gloves)
SInv    .            (no boots)
Will    +....        (no amulet)
Stlth   ++           n - ring "Yxubeucwa" {rPois rN+ Will+ Int+4}
HPRegen 0.28/turn    (no ring)
MPRegen 0.10/turn

%: no passive effects
@: mighty, corroded
A: AC +6, unfitting armour, cold-blooded
a: Renounce Religion, Berserk, Trog's Hand


You were on level 3 of the Dungeon.
You worshipped Trog.
Trog was pleased with you.
You visited 1 branch of the dungeon, and saw 3 of its levels.

You collected 107 gold pieces.

Inventory:

Hand Weapons
 a - a +0 falchion
 b - a +0 dagger of distortion (weapon)
Armour
 e - a +1 cloak (worn)
 q - a +1 kite shield of cold resistance (worn)
Magical Staves
 c - a staff of air
Jewellery
 n - the ring "Yxubeucwa" (left hand) {rPois rN+ Will+ Int+4}
   (You found it on level 2 of the Dungeon)

   [ring of poison resistance]

   Int+4:     It affects your intelligence (+4).
   rPois:     It protects you from poison rN+: It protects you from negative
   energy.
   Will+:     It increases your willpower.
Wands
 p - a wand of polymorph (4)
 s - a wand of roots (7)
Scrolls
 f - a scroll of enchant weapon {unknown}
 g - 2 scrolls of revelation {unknown}
 j - 2 scrolls of identify {unknown}
 o - 6 scrolls of torment {unknown}
 r - a scroll of teleportation {unknown}
Potions
 d - 3 potions of curing {unknown}
 h - a potion of enlightenment {unknown}
 i - a potion of cancellation {unknown}
 l - a potion of berserk rage {unknown}
 m - 2 potions of invisibility {unknown}


   Skills:
 + Level 4.5 Fighting
 + Level 2.5(3.7) Short Blades
 + Level 4.0(4.4) Long Blades
 + Level 4.5 Dodging
 + Level 1.1 Stealth


You had 5 spell levels left.
You didn't know any spells.
Your spell library contained the following spells:

 Spells                   Type           Power      Damage    Failure   Level
 Magic Dart               Conj           0%         1d3       69%         1
 Searing Ray              Conj           0%         2d4       83%         2
 Static Discharge         Conj/Air       0%         3-3/arc   83%         2
 Sublimation of Blood     Necr           0%         N/A       83%         2
 Wereblood                Tmut           0%         N/A       83%         2
 Airstrike                Air            0%         2d(0-16)  100%        4
 Fulminant Prism          Conj/Hex       0%         3d5       100%        4
 Summon Lightning Spire   Summ/Air       0%         N/A       100%        4
 Summon Hydra             Summ           0%         N/A       100%        7


Dungeon Overview and Level Annotations

Branches:
Dungeon (3/15)

Altars:

Annotations:
Abyss:1 Natasha


Innate Abilities, Weirdness & Mutations

Your plain brown scales are hard. (AC +6)
You cannot fit into any form of body armour.
You are cold-blooded and may be slowed by cold attacks.


Message History

Your scales feel tougher.
A quokka comes into view.
The jelly quivers.
A goblin comes into view. It is wielding a +0 dagger.
You block the quokka's attack.
You miss the quokka. You block the quokka's attack. The quokka misses you.
You hit the quokka but do no damage.
The quokka blinks!
The goblin shouts!
You hit the jelly.
Your hands burn!
The jelly is lightly wounded.
The jelly blinks!
You miss the quokka. You block the quokka's attack.
You hit the quokka.
Space warps horribly around the quokka!
You kill the quokka!
Trog accepts your kill. The goblin hits you but does no damage.
You barely miss the goblin. The goblin hits you but does no damage.
The jelly hits you. The acid corrodes you!
You are splashed with acid!
The goblin misses you.
You hit the goblin.
Space warps around the goblin.
The goblin is almost dead.
The jelly hits you. The acid corrodes you!
You are splashed with acid!
The goblin hits you with a +0 dagger.
You barely miss the goblin.
The goblin is almost dead.
The jelly hits you.
* * * LOW HITPOINT WARNING * * *
You are splashed with acid!
* * * LOW HITPOINT WARNING * * *
The goblin attacks as it pursues you! The goblin barely misses you.
The goblin barely misses you.
You hit the goblin but do no damage.
Space warps horribly around the goblin!
You kill the goblin!
Trog accepts your kill.
It was a potion of might.
You feel very mighty all of a sudden. The jelly hits you.
* * * LOW HITPOINT WARNING * * *
You are splashed with acid.
You die...

..............#.....
..............#...# .......
..................##......#
####..............#.......#
####..............#........
...#..............#........
...#..............#........
...#.............##........
................@J.........
....###....###.....#.......
....# #....# #.....#.......
##+## #....# #...###.......
#.# #....# #...# .......
##.# ###.## #...# #######
...######.# #...#
....†.....# #...#
.#.######## #...#


You could see a jelly.

Vanquished Creatures
  Grinder (D:3)
  Ijyb (D:3)
  3 adders
  4 dart slugs
  3 endoplasms
  2 giant cockroaches
  4 goblins
  4 hobgoblins (D:2)
  4 jackals (D:1)
  4 quokkas
  5 ball pythons
  7 bats
  7 kobolds
  5 rats
54 creatures vanquished.

Notes
Turn   | Place    | Note
-------+----------+-------------------------------------------
     0 | D:1      | Curundu the Draconian Berserker began the quest for the
                  | Orb.
     0 | D:1      | Reached XP level 1. HP: 19/19 MP: 1/1
   308 | D:1      | Reached XP level 2. HP: 16/26 MP: 2/2
   691 | D:1      | Reached XP level 3. HP: 33/33 MP: 3/3
   709 | D:1      | Found a faded altar of an unknown god.
   864 | D:2      | Noticed Natasha
   872 | D:2      | Banished Natasha
   998 | D:2      | Reached XP level 4. HP: 40/40 MP: 4/4
  1072 | D:2      | Reached ** piety under Trog
  1312 | D:2      | Reached skill level 1 in Short Blades
  1673 | D:2      | Identified the ring "Yxubeucwa" {rPois rN+ Will+ Int+4}
  1798 | D:3      | Noticed Ijyb
  1809 | D:3      | Killed Ijyb
  1810 | D:3      | Reached XP level 5. HP: 43/46 MP: 5/5
  1898 | D:3      | Noticed Grinder
  1925 | D:3      | Killed Grinder
  1926 | D:3      | Reached skill level 1 in Stealth
  1926 | D:3      | Reached XP level 6. HP: 35/53 MP: 6/6
  1963 | D:3      | Splashed by a jelly's acid

Illustrated notes

Levels and vault maps discovered:
D:1:      kennysheep_arrival_forest, layout_rooms,
          hellmonk_ecumenical_altar_leap_of_faith
D:2:      minmay_thinvault, layout_rooms, uniq_natasha
D:3:      layout_basic, minivault_26, uniq_ijyb, uniq_grinder, uniq_jessica

Skill      XL: |  1  2  3  4  5 |
---------------+----------------+-----
Dodging        | 3 4 |  4.5
Fighting       | 4 |  4.5
Short Blades   | 1 2 |  2.5
Long Blades    | 4 |  4.0
Stealth        | 1 |  1.1

Action                     |  1- 3 |  4- 6 || total
---------------------------+-------+-------++-------
  Melee: Falchion          |    35 |       ||    35
         Tailslap          |     8 |    10 ||    18
         Dagger            |    71 |    90 ||   161
    Use: Potion            |       |     1 ||     1
 Armour: Skin              |    70 |    48 ||   118
  Dodge: Dodged            |    81 |    56 ||   137
  Block: Kite shield       |       |     4 ||     4

Table legend: (Time is in decaauts)
 A = Elapsed time spent in this place.
 B = Non-inter-level travel time spent in this place.
 C = Inter-level travel time spent in this place.
 D = Time resting spent in this place.
 E = Time spent auto-exploring this place.
 F = Levels seen in this place.
 G = Mean time per level.
                   A        B        C        D        E       F      G
               +--------+--------+--------+--------+--------+-----+--------+
         Total |   1954 |   1954 |      0 |    212 |      0 |   3 |  651.3 |
       Dungeon |   1954 |   1954 |      0 |    212 |      0 |   3 |  651.3 |
               +--------+--------+--------+--------+--------+-----+--------+

Top non-repeatable levels by time:
     D:2: 875 daAuts
     D:1: 799 daAuts
     D:3: 279 daAuts
